 Dungeon Crawl Stone Soup version 0.23.2-1-ga50397a6bc (webtiles) character file.

Game seed: 16504072323138383291

142 Mrkan the Slasher (level 5, -4/47 HPs)
             Began as a Draconian Monk on May 1, 2019.
             Slain by Grinder (10 damage)
             ... on level 3 of the Dungeon.
             The game lasted 00:05:39 (2617 turns).

Mrkan the Slasher (Draconian Monk)                  Turns: 2617, Time: 00:05:40

Health: -4/47      AC:  5    Str: 13    XL:     5   Next: 3%
Magic:  5/5        EV: 13    Int: 11    God:
Gold:   113        SH:  0    Dex: 14    Spells: 4/4 levels left

rFire    . . .     SeeInvis .   a - +0 falchion
rCold    . . .     Gourm    .   (no shield)
rNeg     . . .     Faith    .   (armour unavailable)
rPois    .         Spirit   .   (helmet restricted)
rElec    .         Reflect  .   (no cloak)
rCorr    .         Harm     .   (no gloves)
MR       .....                  (no boots)
Stlth    ++........             (no amulet)
HPRegen  0.15/turn              (no ring)
MPRegen  0.09/turn              (no ring)

@: no status effects
A: unfitting armour, cold-blooded, AC +5
a: no special abilities


You were on level 3 of the Dungeon.
You were near starving.

You visited 1 branch of the dungeon, and saw 3 of its levels.

You collected 113 gold pieces.

Inventory:

Hand Weapons
 a - a +0 falchion (weapon)
 q - a +0 hand axe of chopping
Missiles
 n - 4 tomahawks of returning (quivered)
Scrolls
 c - 5 scrolls of remove curse {unknown}
 f - a scroll of teleportation {unknown}
 i - 2 scrolls of blinking {unknown}
 k - a scroll of immolation {unknown}
 l - 2 scrolls of enchant armour {unknown}
 m - a scroll of identify {unknown}
Potions
 d - 3 potions of might {unknown}
 e - a potion of resistance {unknown}
 g - 3 potions of haste {unknown}
 h - a potion of berserk rage {unknown}
 j - 2 potions of curing {unknown}
 p - a potion of heal wounds
Comestibles
 b - 5 rations


   Skills:
 * Level 4.6 Fighting
 + Level 4.6 Long Blades
 - Level 3.0 Dodging
 - Level 1.8 Stealth


You had 4 spell levels left.
You didn't know any spells.
Your spell library was empty.

Dungeon Overview and Level Annotations

Branches:
Dungeon (3/15)

Altars:

Annotations:
D:3 Grinder


Innate Abilities, Weirdness & Mutations

Your plain brown scales are hard. (AC +5)
You cannot fit into any form of body armour.
You are cold-blooded and may be slowed by cold attacks.


Message History

You completely miss Grinder.
Grinder is moderately wounded.
Grinder closely misses you.
You barely miss Grinder.
Grinder is moderately wounded.
Grinder barely misses you.
You slash Grinder!
Grinder is heavily wounded.
Grinder hits you.
* * * LOW HITPOINT WARNING * * *
You closely miss Grinder.
Grinder is heavily wounded.
Grinder hits you.
* * * LOW HITPOINT WARNING * * *
You writhe in agony.
* * * LOW HITPOINT WARNING * * *
You slash Grinder! You tail-slap Grinder.
Grinder is severely wounded.
Grinder hits you!
You die...

#.#.#....#.#..##......##...
#.#.#....#.#..##...........
#.#.#....#.#..##....#.##... #
#.#.#......................
##.#.#.#.##.................#...
...........#.###........>..†.....
..#.#.#..................##......
......#..#.#.#....###..........
..............@5.......##....##
..#.#...##.#.#.##..............#
.........................##....##
.......##...#.##...####.##....#.
..................## #.##....#.
.#...##...<>........#.##......
#.. #.#.........###.##...... .
#.....................#.
#.#........<....##....[.


You could see Grinder.

Vanquished Creatures
  An orc wizard (D:2)
  Terence (D:3)
  Jessica (D:3)
  A worm (D:2)
  2 dart slugs (D:1)
  A leopard gecko (D:2)
  4 orcs (D:2)
  4 giant cockroaches
  3 goblins
  11 hobgoblins
  2 ball pythons
  3 bats
  4 frilled lizards (D:1)
  7 kobolds
  4 rats
49 creatures vanquished.

Notes
Turn   | Place    | Note
-------+----------+-------------------------------------------
     0 | D:1      | Mrkan the Draconian Monk began the quest for the Orb.
     0 | D:1      | Reached XP level 1. HP: 19/19 MP: 1/1
    47 | D:1      | Reached XP level 2. HP: 20/26 MP: 2/2
   975 | D:2      | Reached XP level 3. HP: 24/33 MP: 3/3
  1597 | D:2      | Reached XP level 4. HP: 14/40 MP: 4/4
  2046 | D:3      | Noticed Terence
  2070 | D:3      | Killed Terence
  2109 | D:3      | Noticed Jessica
  2134 | D:3      | Killed Jessica
  2134 | D:3      | Reached XP level 5. HP: 24/47 MP: 5/5
  2289 | D:3      | Noticed Grinder
  2617 | D:3      | Slain by Grinder

Skill      XL: |  1  2  3 |
---------------+----------+-----
Dodging        | 3 |  3.0
Fighting       | 4 |  4.6
Long Blades    | 4 |  4.6
Stealth        | |  1.8

Action                   |  1- 3 |  4- 6 || total
-------------------------+-------+-------++-------
Melee: Falchion          |   113 |    54 ||   167
       Tailslap          |    10 |    12 ||    22
 Stab: Sleeping          |     1 |       ||     1
  Eat: Chunk             |     2 |     2 ||     4
Armor: Skin              |    26 |     9 ||    35
Dodge: Dodged            |    85 |    35 ||   120
       Rpst.: Falchion   |    24 |     9 ||    33
